 Dungeon Crawl Stone Soup version 0.29-a0-887-gcbe080d7e0 (webtiles) character file.

Game seed: 11794510378081920811

511 hquester1 the Covered (level 6, 0/56 HPs)
             Began as a Minotaur Fighter on July 21, 2022.
             Slain by a kobold brigand
             ... wielding a +0 halberd
              (8 damage)
             ... on level 4 of the Dungeon.
             The game lasted 00:09:14 (3084 turns).

hquester1 the Covered (Minotaur Fighter)            Turns: 3084, Time: 00:09:15

Health: 0/56       AC:  9    Str: 22    XL:     6   Next: 99%
Magic:  5/5        EV:  5    Int:  5    God:
Gold:   310        SH: 12    Dex: 10    Spells: 5/5 levels left

rFire   . . .      SeeInvis +   a - +0 war axe
rCold   . . .      Faith    .   g - +0 tower shield
rNeg    . . .      Spirit   .   i - +0 chain mail
rPois   .          Reflect  .   (helmet restricted)
rElec   .          Harm     .   (no cloak)
rCorr   .          Rampage  .   (no gloves)
Will    .....                   (no boots)
Stlth   ..........              (no amulet)
HPRegen 0.18/turn               e - +4 ring of slaying
MPRegen 0.09/turn               p - ring of see invisible

@: lethally poisoned (0 -> -1)
A: horns 2, retaliatory headbutt
a: no special abilities


You were on level 4 of the Dungeon.
You visited 1 branch of the dungeon, and saw 4 of its levels.

You collected 310 gold pieces.

Inventory:

Hand Weapons
 a - a +0 war axe (weapon)
 u - a +3 vorpal mace
Missiles
 b - a throwing net (quivered)
Armour
 g - a +0 tower shield (worn)
 i - a +0 chain mail (worn)
Jewellery
 e - a +4 ring of slaying (left hand)
 o - a ring of ice
 p - a ring of see invisible (right hand)
Wands
 h - a wand of light (9)
Scrolls
 c - 2 scrolls of teleportation
 f - a scroll of magic mapping {unknown}
 j - 2 scrolls of immolation {unknown}
 l - 3 scrolls of amnesia {unknown}
 n - a scroll of poison {unknown}
 r - a scroll of identify
Potions
 d - 2 potions of might
 k - a potion of heal wounds {unknown}
 m - 2 potions of attraction {unknown}
 q - a potion of magic {unknown}
 s - 3 potions of curing {unknown}
 t - a potion of brilliance {unknown}
 v - a potion of degeneration {unknown}
 w - 3 potions of flight {unknown}


   Skills:
 + Level 5.1 Fighting
 + Level 4.3 Axes
 + Level 5.1 Armour
 + Level 2.8 Dodging
 + Level 2.4 Stealth
 + Level 5.0 Shields


You had 5 spell levels left.
You didn't know any spells.
Your spell library contained the following spells:

 Spells                   Type           Power      Damage    Failure   Level
 Blink                    Tloc           0%         N/A       100%        2
 Leda's Liquefaction      Hex/Erth       0%         N/A       100%        4
 Lee's Rapid Deconstruct  Erth           0%         3d5*      100%        5
 Manifold Assault         Tloc           0%         N/A       100%        5
 Statue Form              Tmut/Erth      0%         N/A       100%        6
 Storm Form               Tmut/Air       0%         N/A       100%        7


Dungeon Overview and Level Annotations

Branches:
Dungeon (4/15)
 Temple: D:4-7

Altars:
Okawaru
Qazlal

Shops:
D:4 ?


Innate Abilities, Weirdness & Mutations

You have a pair of horns on your head.
You reflexively headbutt those who attack you in melee.


Message History

You slash Sigmund!
You kill Sigmund!
You closely miss Natasha. Natasha claws you! Natasha casts a spell at you.
You resist with some effort.
Your Fighting skill increases to level 5!
Your Armour skill increases to level 5!
Your Shields skill increases to level 5!
You slash Natasha!
You kill Natasha!
Natasha growls in agony!
Unknown command.
w - 3 smoky puce potions (gained 1)
Things that are here:
a +0 scythe; a +0 robe You now have 310 gold pieces (gained 11).
You start resting.
A kobold brigand comes into view.
It is wielding a +0 halberd and quivering poisoned darts.
The kobold brigand shouts!
The kobold brigand throws a poisoned dart.
The poisoned dart hits you!
You are poisoned.
You feel sick.
The kobold brigand hits you with a +0 halberd.
You slash the kobold brigand! You headbutt the kobold brigand.
The kobold brigand is heavily wounded.
You feel sick.
The kobold brigand hits you with a +0 halberd! x2
* * * LOW HITPOINT WARNING * * *
You hit the kobold brigand but do no damage.
The kobold brigand is heavily wounded.
You feel sick.
The kobold brigand hits you with a +0 halberd.
* * * LOW HITPOINT WARNING * * *
You slash the kobold brigand!
Your headbutt misses the kobold brigand.
The kobold brigand is almost dead.
You feel sick.
The kobold brigand hits you with a +0 halberd!
You die...

..#.........##.....#
..###...#..#......####
#.###...#....#...#.#.##
≈.#.##....)#.#...#....#
≈≈)))......####....)..#
###K÷.....<##........##
...........#.........###
......##...##..........#.#
###g.###...>#...@........#
...## .......K..##.#....#
..... ..........####.....#
..##. ....#...## ....## ..
. ....#.... #..# #. .. ##
....## .## ..#.. # .###.


You could see a kobold brigand.

Vanquished Creatures
  Sigmund (D:4)
  Terence (D:2)
  Natasha (D:4)
  9 adders
  12 gnolls
  A worm (D:2)
  3 dart slugs
  5 orcs (D:3)
  7 bats
  6 endoplasms
  2 giant cockroaches (D:3)
  10 goblins
  16 hobgoblins
  8 kobolds
  4 quokkas
  7 ball pythons
  2 frilled lizards
  5 rats
100 creatures vanquished.

Notes
Turn   | Place    | Note
-------+----------+-------------------------------------------
     0 | D:1      | hquester1 the Minotaur Fighter began the quest for the Orb.
     0 | D:1      | Reached XP level 1. HP: 19/19 MP: 0/0
   132 | D:1      | Reached XP level 2. HP: 23/27 MP: 1/1
   768 | D:2      | Reached XP level 3. HP: 26/33 MP: 2/2
   951 | D:2      | Noticed Terence
   953 | D:2      | Found a stormy altar of Qazlal.
   956 | D:2      | Killed Terence
   957 | D:2      | Reached skill level 1 in Dodging
   957 | D:2      | Reached skill level 1 in Stealth
  1028 | D:2      | Reached XP level 4. HP: 40/40 MP: 3/3
  1512 | D:2      | You fall into a shaft and drop 1 floor!
  1854 | D:3      | Reached XP level 5. HP: 47/47 MP: 4/4
  2270 | D:3      | Found an iron altar of Okawaru.
  2382 | D:4      | Found Odeutida's Magic Scroll Boutique.
  2607 | D:4      | Reached XP level 6. HP: 25/52 MP: 5/5
  2984 | D:4      | Noticed Sigmund
  2985 | D:4      | Noticed Natasha
  2991 | D:4      | Killed Sigmund
  2992 | D:4      | Reached skill level 5 in Fighting
  2992 | D:4      | Reached skill level 5 in Armour
  2992 | D:4      | Reached skill level 5 in Shields
  2992 | D:4      | Killed Natasha
  3084 | D:4      | Slain by a kobold brigand

Illustrated notes

Levels and vault maps discovered:
D:1:      psy_arrival_basics, layout_basic
D:2:      cheibrodos_greedy_goblins, layout_basic, basic_altar,
          kennysheep_generic_room_8, uniq_terence
D:3:      minmay_octagon_keep, layout_rooms, okawaru_altar_gauntlet_db,
          kennysheep_generic_room_15
D:4:      cheibrodos_thug_alley, layout_cave_pools, serial_shops, shop,
          uniq_natasha, uniq_sigmund

Skill      XL: |  1  2  3  4  5  6 |
---------------+-------------------+-----
Armour         | 4 5 |  5.1
Fighting       | 4 5 |  5.1
Axes           | 3 4 |  4.3
Dodging        | 1 2 |  2.8
Stealth        | 1 2 |  2.4
Shields        | 4 5 |  5.0

Action                   |  1- 3 |  4- 6 || total
-------------------------+-------+-------++-------
Melee: War axe           |    37 |   127 ||   164
       Headbutt          |     2 |    13 ||    15
  Use: Scroll            |     2 |       ||     2
Armor: Scale mail        |     7 |       ||     7
       Chain mail        |    13 |    78 ||    91
Dodge: Dodged            |    12 |    29 ||    41
Block: Tower shield      |    15 |   106 ||   121

Table legend: (Time is in decaauts)
 A = Elapsed time spent in this place.
 B = Non-inter-level travel time spent in this place.
 C = Inter-level travel time spent in this place.
 D = Time resting spent in this place.
 E = Time spent auto-exploring this place.
 F = Levels seen in this place.
 G = Mean time per level.
                   A        B        C        D        E       F      G
               +--------+--------+--------+--------+--------+-----+--------+
         Total |   3195 |   3082 |    113 |    343 |   1881 |   4 |  798.8 |
       Dungeon |   3195 |   3082 |    113 |    343 |   1881 |   4 |  798.8 |
               +--------+--------+--------+--------+--------+-----+--------+

Top non-repeatable levels by time:
     D:2: 1112 daAuts
     D:3: 889 daAuts
     D:1: 739 daAuts
     D:4: 454 daAuts
